 Dungeon Crawl Stone Soup version 0.24-a0-139-geb6712d (webtiles) character file.

Game seed: 17591890771710704735

104 jerryfan the Digger (level 4, -1/26 HPs)
             Began as a Gargoyle Earth Elementalist on Mar 1, 2019.
             Killed by divine providence
             ... invoked by an orc priest
              (8 damage)
             ... on level 3 of the Dungeon.
             The game lasted 00:05:30 (2512 turns).

jerryfan the Digger (Gargoyle Earth Elementalist)   Turns: 2512, Time: 00:05:30

Health: -1/26      AC:  5    Str: 12    XL:     4   Next: 80%
Magic:  1/8        EV: 12    Int: 16    God:
Gold:   41         SH:  0    Dex: 10    Spells: 4/8 levels left

rFire    . . .     SeeInvis .   e - +0 whip
rCold    . . .     Gourm    .   (no shield)
rNeg     + . .     Faith    .   c - +0 robe
rPois    ∞         Spirit   .   (no helmet)
rElec    +         Reflect  .   (no cloak)
rCorr    .         Harm     .   (no gloves)
MR       .....                  (no boots)
Stlth    +.........             (no amulet)
HPRegen  0.08/turn              m - ring of attention (curse)
MPRegen  0.11/turn              (no ring)

@: no status effects
A: negative energy resistance 1, electricity resistance, unbreathing,
petrification resistance, rot immunity, AC +3
a: no special abilities


You were on level 3 of the Dungeon.
You were not hungry.

You visited 1 branch of the dungeon, and saw 3 of its levels.

You collected 41 gold pieces.

Inventory:

Hand Weapons
 e - a +0 whip (weapon)
 u - a +2 dagger of distortion
Missiles
 b - 74 stones (quivered)
 r - 2 throwing nets
Armour
 c - a +0 robe (worn)
Jewellery
 m - a cursed ring of attention (left hand)
Scrolls
 a - a scroll of magic mapping {unknown}
 f - a scroll of fear {unknown}
 i - a scroll of enchant weapon {unknown}
 j - 2 scrolls of teleportation {unknown}
 k - a scroll of fog {unknown}
 l - 3 scrolls of identify {unknown}
 o - a scroll of amnesia {unknown}
 q - a scroll of noise {unknown}
 t - a scroll of remove curse {unknown}
Potions
 g - a potion of lignification {unknown}
 h - a potion of heal wounds {unknown}
 n - a potion of haste {unknown}
 s - a potion of cancellation {unknown}
Comestibles
 d - 6 rations
 p - 4 chunks of flesh


   Skills:
 * Level 2.1 Fighting
 + Level 1.0 Maces & Flails
 * Level 1.8 Armour
 - Level 1.5 Dodging
 - Level 2.1 Stealth
 * Level 2.7 Spellcasting
   Level 0.7 Transmutations
 * Level 4.4 Earth Magic


You had 4 spell levels left.
You knew the following spells:

 Your Spells              Type           Power        Failure   Level  Hunger
a - Sandblast             Erth           ###...       3%          1    #......
b - Stone Arrow           Conj/Erth      #.....       24%         3    ###....

Your spell library contained the following spells:

 Spells                   Type           Power        Failure   Level  Hunger
 Passwall                 Tmut/Erth      ##......     10%         2    ##.....
 Petrify                  Tmut/Erth      ##......     54%         4    #####..
 Lee's Rapid Deconstruct  Erth           ###.......   65%         5    ######.


Dungeon Overview and Level Annotations

Branches:
Dungeon (3/15)

Altars:


Innate Abilities, Weirdness & Mutations

You are resistant to torment.
Your stone body is resilient. (AC +3)
You are immune to poison.
You resist negative energy. (rN+)
You are resistant to electric shocks. (rElec)
You can survive without breathing.
You are immune to petrification.
You are immune to rotting.


Message History

The orc priest hits you with a +0 flail.
The ooze moves out of view.
You hit the orc priest but do no damage.
The orc priest is severely wounded.
The orc priest looks satisfied for a moment.
You barely miss the orc priest.
The orc priest is severely wounded.
You hit the orc but do no damage.
The orc priest hits you with a +0 flail!
The orc hits you but does no damage.
You hit the orc but do no damage.
The orc priest calls down the wrath of Beogh upon you.
Pain shoots through your body!
* * * LOW HITPOINT WARNING * * *
The orc misses you.
You barely miss the orc priest.
The orc priest is severely wounded.
The orc priest mumbles some strange prayers to Beogh against you.
Beogh smites you!
You die...

#########
#<......#
#.#####.#
#.# #)#
#@#
#oo>....#
####.#...
.. ... ..
.


You could see an orc priest and an orc.

Vanquished Creatures
  3 gnolls (D:2)
  2 adders (D:2)
  4 worms (D:2)
  A leopard gecko (D:2)
  An orc (D:3)
  2 giant cockroaches (D:2)
  6 goblins
  6 hobgoblins
  A jackal (D:2)
  6 kobolds
  A ball python (D:2)
  6 bats
  5 frilled lizards
  7 rats
51 creatures vanquished.

Notes
Turn   | Place    | Note
-------+----------+-------------------------------------------
     0 | D:1      | jerryfan the Gargoyle Earth Elementalist began the quest
                  | for the Orb.
     0 | D:1      | Reached XP level 1. HP: 10/10 MP: 3/3
   268 | D:1      | Reached XP level 2. HP: 11/16 MP: 1/5
   803 | D:1      | Reached skill level 1 in Fighting
  1039 | D:2      | Reached skill level 4 in Earth Magic
  1200 | D:2      | Reached skill level 1 in Armour
  1200 | D:2      | Reached XP level 3. HP: 16/20 MP: 0/6
  1498 | D:2      | Reached XP level 4. HP: 12/26 MP: 1/7
  1854 | D:2      | Learned a level 3 spell: Stone Arrow
  2402 | D:2      | Reached skill level 1 in Maces & Flails
  2512 | D:3      | Killed from afar by an orc priest

Levels and vault maps discovered:
D:1:      zaba_arrival_water, layout_basic
D:2:      layout_rooms, first_ration, hangedman_feature_mirror,
          corexii_hall_statues_s, hangedman_decor_push
D:3:      layout_loops_cross, fedhas_altar_4

Skill      XL: |  1  2  3  4 |
---------------+-------------+-----
Fighting       | 1 2 |  2.1
Earth Magic    | 4 |  4.4
Armour         | 1 |  1.8
Maces & Flails | 1 |  1.0
Dodging        | |  1.5
Stealth        | |  2.1
Spellcasting   | |  2.7
Transmutations | |  0.7

Action                   |  1- 3 |  4- 6 || total
-------------------------+-------+-------++-------
Melee: Whip              |    64 |    67 ||   131
       Unarmed           |     4 |       ||     4
 Cast: Sandblast         |    25 |    20 ||    45
 Stab: Sleeping          |     1 |       ||     1
  Eat: Chunk             |     2 |     4 ||     6
Armor: Robe              |    30 |    25 ||    55
Dodge: Dodged            |    60 |    58 ||   118

Table legend:
 A = Non-vault XP
 B = Vault XP
 C = Vault XP percentage of total XP
 D = Non-vault monster count
 E = Vault monster count
 F = Vault count percentage of total count
                 A         B        C        D         E       F
            +---------+---------+-------+---------+---------+-------
      Total |     145 |       4 |   2.7 |      49 |       2 |   3.9
            +---------+---------+-------+---------+---------+-------
        D:1 |      23 |       0 |   0.0 |      18 |       0 |   0.0
        D:2 |     114 |       4 |   3.4 |      27 |       2 |   6.9
        D:3 |       8 |       0 |   0.0 |       4 |       0 |   0.0
            +---------+---------+-------+---------+---------+-------
